 Dungeon Crawl Stone Soup version 0.28.0-53-g5a82cb258f (webtiles) character file.

Game seed: 3190549031660304749

18 H0rd4k the Charlatan (level 2, 0/21 HPs)
             Began as a Human Artificer on July 6, 2022.
             Slain by a quokka (2 damage)
             ... on level 1 of the Dungeon.
             The game lasted 00:01:09 (1423 turns).

H0rd4k the Charlatan (Human Artificer)              Turns: 1423, Time: 00:01:10

Health: 0/21       AC:  4    Str: 12    XL:     2   Next: 90%
Magic:  2/2        EV: 11    Int: 11    God:
Gold:   37         SH:  0    Dex: 13    Spells: 1/1 levels left

rFire   . . .      SeeInvis .   a - +0 club
rCold   . . .      Faith    .   (no shield)
rNeg    . . .      Spirit   .   b - +0 leather armour
rPois   .          Reflect  .   (no helmet)
rElec   .          Harm     .   (no cloak)
rCorr   .          Rampage  .   (no gloves)
Will    .....                   g - +0 pair of boots
Stlth   +.........              (no amulet)
HPRegen 0.07/turn               (no ring)
MPRegen 0.08/turn               (no ring)

@: no status effects
A: no striking features
a: no special abilities


You were on level 1 of the Dungeon.
You visited 1 branch of the dungeon, and saw 2 of its levels.

You collected 37 gold pieces.

Inventory:

Hand Weapons
 a - a +0 club (weapon)
Armour
 b - a +0 leather armour (worn)
 g - a +0 pair of boots (worn)
Wands
 c - a wand of flame (14) (quivered)
 d - a wand of charming (14)
Scrolls
 h - 2 scrolls of identify {unknown}
 i - a scroll of vulnerability {unknown}
Potions
 f - a potion of resistance {unknown}
 j - a potion of heal wounds {unknown}
 k - a potion of attraction {unknown}
Miscellaneous
 e - a piece from Xom's chessboard (15/15)


   Skills:
 + Level 1.1 Fighting
 + Level 0.4 Maces & Flails
 - Level 2.0 Armour
 + Level 1.1 Dodging
 - Level 1.0 Stealth
 + Level 3.6 Evocations


You had one spell level left.
You didn't know any spells.
Your spell library contained the following spells:

 Spells                   Type           Power      Damage    Failure   Level
 Animate Skeleton         Necr           0%         N/A       41%         1
 Pain                     Necr           0%         1d4       41%         1
 Vampiric Draining        Necr           0%         2d6       80%         3


Dungeon Overview and Level Annotations

Branches:
Dungeon (2/15)

Altars:


Message History

The quokka is heavily wounded.
The bat barely misses you.
The quokka bites you but does no damage.
The bat barely misses you.
The frilled lizard bites you but does no damage.
The quokka bites you but does no damage.
The bat hits you but does no damage. The bat hits you.
You hit the bat but do no damage. The bat barely misses you.
You hit the frilled lizard.
The frilled lizard is severely wounded.
The frilled lizard closely misses you. The frilled lizard barely misses you.
You barely miss the frilled lizard.
The frilled lizard is severely wounded.
The frilled lizard bites you.
You closely miss the frilled lizard.
The frilled lizard is severely wounded.
The frilled lizard bites you.
You barely miss the frilled lizard.
The frilled lizard is severely wounded.
The frilled lizard closely misses you. The frilled lizard misses you.
You hit the frilled lizard.
You kill the frilled lizard!
The bat hits you but does no damage. The bat barely misses you.
The quokka barely misses you. The bat hits you but does no damage.
The quokka bites you but does no damage.
You closely miss the quokka.
The quokka is moderately wounded.
The bat closely misses you. The quokka bites you.
You hit the quokka but do no damage.
The quokka is moderately wounded.
The bat hits you. The quokka bites you. The bat barely misses you.
The quokka bites you.
* * * LOW HITPOINT WARNING * * *
You hit the quokka but do no damage. The bat closely misses you.
The quokka bites you.
* * * LOW HITPOINT WARNING * * *
You hit the quokka but do no damage. The bat closely misses you.
The quokka barely misses you. The bat hits you but does no damage.
The quokka bites you.
You die...

## ...
###############.# ...
.. .................
#.##. #######.###......
#...$###...##...#....^.
#.....#.#.####.#......
#.....#.#....#.#......
#......#...#.#......
#...####.....#..##.#
###@# #.#####..#⌠.⌠
#..rb.##...# #..##.#
#...(..##### #..#⌠_⌠
#$....## #..##.#
#.!.... ##.#⌠.⌠
..##.##. #.##.# ..# ##
#. #..... ##. .# #.....
... #.....


You could see a quokka and a bat.

Vanquished Creatures
  3 endoplasms (D:1)
  A goblin (D:1)
  5 hobgoblins (D:1)
  3 kobolds (D:1)
  A ball python (D:1)
  2 frilled lizards (D:1)
  2 rats (D:1)
17 creatures vanquished.

Notes
Turn   | Place    | Note
-------+----------+-------------------------------------------
     0 | D:1      | H0rd4k the Human Artificer began the quest for the Orb.
     0 | D:1      | Reached XP level 1. HP: 15/15 MP: 1/1
   438 | D:1      | Reached XP level 2. HP: 16/21 MP: 2/2
   999 | D:1      | Found a faded altar of an unknown god.
  1423 | D:1      | Slain by a quokka

Illustrated notes

Levels and vault maps discovered:
D:1:      dpeg_arrival_shrine, layout_basic, ebering_ecumenical_altar_hall,
          minmay_heptomino_d4
D:2:      layout_basic, hangedman_decor_push, uniq_terence, uniq_robin

Action                   || total
-------------------------++-------
Melee: Club              ||   100
Evoke: Wand              ||     2
 Stab: Sleeping          ||     1
Armor: Leather armour    ||    35
Dodge: Dodged            ||    87
